 Dungeon Crawl Stone Soup version 0.27-a0-661-gca034ae587 (webtiles) character file.

Game seed: 8697043522733732529

611 Johnny the Magician (level 7, -3/44 HPs)
             Began as a Deep Elf Earth Elementalist on Mar 16, 2021.
             Killed by divine providence
             ... invoked by an orc priest
              (13 damage)
             ... on level 5 of the Dungeon.
             The game lasted 00:04:19 (5628 turns).

Johnny the Magician (Deep Elf Earth Elementalist)   Turns: 5628, Time: 00:04:19

Health: -3/44      AC:  7    Str:  5    XL:     7   Next: 20%
Magic:  13/17      EV: 12    Int: 28    God:
Gold:   327        SH:  0    Dex: 21    Spells: 13/17 levels left

rFire    + . .     SeeInvis .   o - +2 dagger (drain)
rCold    . . .     Faith    .   (no shield)
rNeg     . . .     Spirit   .   y - +2 leather armour {rF+}
rPois    .         Reflect  .   s - +0 helmet
rElec    .         Harm     .   (no cloak)
rCorr    .         Rampage  .   (no gloves)
Will     .....                  h - +0 pair of boots
Stlth    ++........             (no amulet)
HPRegen  0.14/turn              r - +6 ring of dexterity
MPRegen  0.15/turn              t - +6 ring of intelligence

@: no status effects
A: no striking features
a: no special abilities


You were on level 5 of the Dungeon.
You visited 1 branch of the dungeon, and saw 6 of its levels.

You collected 327 gold pieces.

Inventory:

Hand Weapons
 d - a +0 short sword
 l - a +1 dagger of electrocution
 o - a +2 dagger of draining (weapon)
Missiles
 b - 138 stones
Armour
 h - a +0 pair of boots (worn)
 s - a +0 helmet (worn)
 y - a +2 leather armour of fire resistance (worn)
Jewellery
 r - a +6 ring of dexterity (right hand)
 t - a +6 ring of intelligence (left hand)
Wands
 n - a wand of random effects (7)
 x - a wand of digging (2)
Scrolls
 e - a scroll of enchant weapon {unknown}
 f - 2 scrolls of fear {unknown}
 g - a scroll of enchant armour {unknown}
 i - a scroll of teleportation {unknown}
 j - a scroll of random uselessness {unknown}
 k - a scroll of immolation {unknown}
 p - 4 scrolls of identify {unknown}
Potions
 a - 2 potions of curing
 c - 2 potions of haste {unknown}
 m - a potion of ambrosia {unknown}
 q - a potion of lignification {unknown}
 u - a potion of flight {unknown}
 v - 2 potions of resistance {unknown}
 w - 3 potions of invisibility {unknown}


   Skills:
 * Level 4.4 Fighting
 - Level 2.4 Dodging
 - Level 2.4 Stealth
 + Level 5.8 Spellcasting
 - Level 1.1 Transmutations
 + Level 5.3 Earth Magic


You had 13 spell levels left.
You knew the following spells:

 Your Spells              Type           Power      Damage    Failure   Level
a - Sandblast             Erth           76%        2d16      1%          1
b - Stone Arrow           Conj/Erth      46%        3d9       11%         3

Your spell library contained the following spells:

 Spells                   Type           Power      Damage    Failure   Level
 Passwall                 Tmut/Erth      21%        N/A       4%          2
 Petrify                  Tmut/Erth      26%        N/A       26%         4
 Lee's Rapid Deconstruct  Erth           19%        3d12*     30%         5


Dungeon Overview and Level Annotations

Branches:
Dungeon (6/15)
 Temple: D:4-7

Altars:
Ashenzari
Gozag
Qazlal
Trog
The Shining One

Annotations:
D:4 2 transporters, stripedtigrrr's ghost, weakling OpDe


Message History

The jackal moves out of view.
The orc priest invokes the aid of Beogh against you.
Beogh smites you!
You hear an angry buzzing noise.
You start resting.
An orc priest is nearby!
Casting: Sandblast (safe; 1% risk of failure)
Confirm with . or Enter, or press ? or * to list all spells.
Aiming: Sandblast (safe; 1% risk of failure)
Press: ? - help, Shift-Dir - straight line, f - orc priest
Aim: an orc priest, wielding a +0 flail (18% to evade)
The blast of sand misses the orc priest.
Casting: Sandblast (safe; 1% risk of failure)
Confirm with . or Enter, or press ? or * to list all spells.
Aiming: Sandblast (safe; 1% risk of failure)
Press: ? - help, Shift-Dir - straight line, f/p - orc priest
Aim: an orc priest, wielding a +0 flail (18% to evade)
The blast of sand hits the orc priest!
The orc priest is almost dead.
The orc priest hits you with a +0 flail.
Casting: Sandblast (safe; 1% risk of failure)
Confirm with . or Enter, or press ? or * to list all spells.
Aiming: Sandblast (safe; 1% risk of failure)
Press: ? - help, Shift-Dir - straight line, f/p - orc priest
Aim: an orc priest, wielding a +0 flail (almost dead, 18% to evade)
The blast of sand hits the orc priest!!
You kill the orc priest!
The orc priest mumbles some strange prayers to Beogh against you.
Pain shoots through your body!
* * * LOW HITPOINT WARNING * * *
Casting: Sandblast (safe; 1% risk of failure)
Confirm with . or Enter, or press ? or * to list all spells.
Aiming: Sandblast (safe; 1% risk of failure)
Press: ? - help, Shift-Dir - straight line, f - orc priest
Aim: an orc priest (18% to evade)
The blast of sand hits the orc priest!
The orc priest is almost dead.
The orc priest invokes the aid of Beogh against you.
Beogh smites you!
You die...

#.###.# #.#...#
########...## #.#...#
#.)@........# .#
##.#...####o######....#
#.##.........#.##### .#.#
...#.........#.#...###...##.
#..#..........o..#..#.......
.#.##.........#.###.........
##.##.....###..†.#...o......
##.##<....# ##.#...#........
.†.....#.## #.##[###..o.##.


You could see an orc priest.

Vanquished Creatures
  An ogre (D:4)
  A centaur (D:5)
  A bullfrog zombie (D:5)
  An orc priest (D:5)
  Jessica (D:2)
  Ijyb (D:3)
  An orc wizard (D:3)
  3 worker ants (D:4)
  A hound skeleton (D:4)
  9 adders
  3 oozes
  An adder zombie (D:5)
  An adder skeleton (D:4)
  3 worms
  3 dart slugs
  A leopard gecko (D:3)
  9 orcs
  11 bats
  3 giant cockroaches
  11 goblins
  9 hobgoblins
  5 jackals
  9 kobolds
  4 quokkas
  3 ball pythons
  6 frilled lizards
  17 rats
119 creatures vanquished.

Notes
Turn   | Place    | Note
-------+----------+-------------------------------------------
     0 | D:1      | Johnny the Deep Elf Earth Elementalist began the quest for
                  | the Orb.
     0 | D:1      | Reached XP level 1. HP: 10/10 MP: 6/6
   443 | D:1      | Reached XP level 2. HP: 13/16 MP: 8/8
   553 | D:1      | Reached skill level 1 in Fighting
  1732 | D:1      | Reached XP level 3. HP: 20/20 MP: 9/9
  1865 | D:2      | Found a broken altar of Ashenzari.
  1990 | D:2      | Noticed Jessica
  1993 | D:2      | Killed Jessica
  1994 | D:2      | Reached XP level 4. HP: 16/26 MP: 8/11
  2213 | D:2      | Found a stormy altar of Qazlal.
  2290 | D:2      | Found a bloodstained altar of Trog.
  2290 | D:2      | Found a glowing golden altar of the Shining One.
  2662 | D:3      | Reached XP level 5. HP: 16/31 MP: 6/13
  2880 | D:3      | You fall into a shaft and drop 3 floors!
  2909 | D:5      | Entered Level 5 of the Dungeon
  2939 | D:4      | Found a transporter.
  2944 | D:4      | Found a transporter.
  2944 | D:4      | Noticed stripedtigrrr's ghost (weakling OpDe)
  3840 | D:4      | Found an opulent altar of Gozag.
  4121 | D:3      | Reached XP level 6. HP: 37/37 MP: 12/15
  4189 | D:3      | Noticed Ijyb
  4206 | D:3      | Killed Ijyb
  4207 | D:3      | Reached skill level 5 in Spellcasting
  5160 | D:4      | Reached skill level 5 in Earth Magic
  5354 | D:5      | Reached XP level 7. HP: 28/43 MP: 14/17
  5509 | D:5      | Learned a level 3 spell: Stone Arrow
  5628 | D:5      | Killed from afar by an orc priest

Illustrated notes

Levels and vault maps discovered:
D:1:      dpeg_arrival_ratfight, layout_loops_ring
D:2:      layout_rooms, nicolae_qazlal_eye_of_the_storm, lemuel_crystal_altar,
          gammafunk_temple_overflow_wave, st_stairs_5, uniq_jessica
D:3:      layout_rooms, minivault_14, grunt_ministairs_4, uniq_ijyb
D:4:      layout_gridville, gammafunk_ghost_arena, grunt_gozag_statues
D:5:      layout_loops_ring
D:6:      kennysheep_spiral_hall, layout_basic, nicolae_ru_sacrificial_ziggurat,
          minmay_temple_entry_steel_oval, gup_sewer_entry_bubbles,
          mrwooster_statue_mirror, ashenzari_altar_1

Skill      XL: |  1  2  3  4  5  6 |
---------------+-------------------+-----
Fighting       | 1 2 3 4 |  4.4
Earth Magic    | 4 5 |  5.3
Spellcasting   | 4 5 |  5.8
Dodging        | |  2.4
Stealth        | |  2.4
Transmutations | |  1.1

Action                   |  1- 3 |  4- 6 |  7- 9 || total
-------------------------+-------+-------+-------++-------
Melee: Short sword       |    54 |       |       ||    54
       Dagger            |     4 |   170 |    22 ||   196
 Cast: Sandblast         |    33 |    76 |     6 ||   115
  Use: Potion            |       |     1 |       ||     1
 Stab: Sleeping          |     5 |     4 |       ||     9
Armor: Robe              |    22 |    31 |       ||    53
       Leather armour    |       |    19 |     6 ||    25
Dodge: Dodged            |    54 |   135 |    14 ||   203

Table legend: (Time is in decaauts)
 A = Elapsed time spent in this place.
 B = Non-inter-level travel time spent in this place.
 C = Inter-level travel time spent in this place.
 D = Time resting spent in this place.
 E = Time spent auto-exploring this place.
 F = Levels seen in this place.
 G = Mean time per level.
                   A        B        C        D        E       F      G
               +--------+--------+--------+--------+--------+-----+--------+
         Total |   5632 |   5507 |    125 |    794 |   3890 |   6 |  938.7 |
       Dungeon |   5632 |   5507 |    125 |    794 |   3890 |   6 |  938.7 |
               +--------+--------+--------+--------+--------+-----+--------+

Top non-repeatable levels by time:
     D:1: 1800 daAuts
     D:4: 1522 daAuts
     D:3: 1062 daAuts
     D:2: 837 daAuts
     D:5: 381 daAuts
     D:6: 28 daAuts
